 Dungeon Crawl Stone Soup version 0.28-a0-79-g444c7a33f5 (webtiles) character file.

Game seed: 8776259204239142526

9 siradein the Grave Robber (level 2, 20/20 HPs)
             Began as a Ghoul Necromancer on Aug 3, 2021.
             Quit the game on level 1 of the Dungeon.
             The game lasted 00:01:27 (285 turns).

siradein the Grave Robber (Ghoul Necromancer)        Turns: 285, Time: 00:01:28

Health: 20/20      AC:  2    Str: 11    XL:     2   Next: 12%
Magic:  2/4        EV: 11    Int: 10    God:
Gold:   4          SH:  2    Dex:  9    Spells: 4/5 levels left

rFire   . . .      SeeInvis .   (no weapon)
rCold   + . .      Faith    .   b - +0 buckler
rNeg    + + +      Spirit   .   a - +0 robe
rPois   ∞          Reflect  .   (no helmet)
rElec   .          Harm     .   (no cloak)
rCorr   .          Rampage  .   (no gloves)
Will    .....                   (no boots)
Stlth   ++........              (no amulet)
HPRegen 0.06/turn               (no ring)
MPRegen 0.09/turn               (no ring)

@: no status effects
A: claws 1, cold resistance 1, negative energy resistance 3, inhibited
regeneration, torment resistance 2
a: no special abilities


You were on level 1 of the Dungeon.
You visited 1 branch of the dungeon, and saw 1 of its levels.

You collected 4 gold pieces.

Inventory:

Armour
 a - a +0 robe (worn)
 b - a +0 buckler (worn)
Scrolls
 c - a scroll of teleportation {unknown}


   Skills:
 - Level 1.7 Dodging
 - Level 2.1 Stealth
 + Level 2.1 Spellcasting
 + Level 4.2 Necromancy


You had 4 spell levels left.
You knew the following spells:

 Your Spells              Type           Power      Damage    Failure   Level
a - Pain                  Necr           36%        1d5       9%          1

Your spell library contained the following spells:

 Spells                   Type           Power      Damage    Failure   Level
 Animate Skeleton         Necr           18%        N/A       9%          1
 Vampiric Draining        Necr           4%         2d6       26%         3
 Animate Dead             Necr           4%         N/A       65%         4
 Agony                    Necr           9%         N/A       94%         5


Dungeon Overview and Level Annotations

Branches:
Dungeon (1/15)

Altars:


Innate Abilities, Weirdness & Mutations

You thrive by killing the living.
You are immune to poison.
You have sharp fingernails.
Your flesh is cold resistant. (rC+)
You are immune to negative energy. (rN+++)
You do not regenerate when monsters are visible.
You are immune to unholy pain and torment.


Message History

A goblin is nearby!
A goblin is nearby!
A goblin is nearby!
A goblin is nearby!
You see here a +0 dagger.
You completely miss the goblin.
The goblin shouts!
The goblin misses you.
Aiming: Pain (safe; 5% risk of failure)
Press: ? - help, Q - select action Shift-Dir - straight line, f - goblin
Aim: a goblin, wielding a +0 dagger and wearing a +0 buckler (chance to affect: 76%)
The goblin writhes in agony.
The goblin closely misses you.
Aiming: Pain (safe; 5% risk of failure)
Press: ? - help, Q - select action Shift-Dir - straight line, f/p - goblin
Aim: a goblin, wielding a +0 dagger and wearing a +0 buckler (severely wounded, chance to affect: 76%)
The goblin writhes in agony.
You kill the goblin!
You have reached level 2!
Things that are here:
a +0 dagger; a +0 buckler; a goblin corpse You start putting on your armour.
You continue putting on your +0 buckler. x4
You finish putting on your +0 buckler.
c - a scroll labelled RUCVOPE VAYTH An endoplasm comes into view.
An endoplasm is nearby!
Okay, then.
Okay, then.
Aiming: Pain (safe; 10% risk of failure)
Press: ? - help, Q - select action Shift-Dir - straight line, f - endoplasm
Aim: an endoplasm (asleep, chance to affect: 76%)
The endoplasm writhes in agony.
Aiming: Pain (safe; 10% risk of failure)
Press: ? - help, Q - select action Shift-Dir - straight line, f/p - endoplasm
Aim: an endoplasm (moderately wounded, chance to affect: 76%)
The endoplasm writhes in agony.
You kill the endoplasm!
Unknown command.
Are you sure you want to abandon this character and quit the game? (Confirm with "yes".)

#........#.######.....
#........# # ...##.#
#.######... ...+...
#.# ##. .. ##.
#.######## ..
#........# #........#
#........# #....@...#
#........#
#..........#
##.........#
#.........#
#.........#
########..# ..#


There were no monsters in sight!

Vanquished Creatures
  An endoplasm (D:1)
  2 giant cockroaches (D:1)
  A goblin (D:1)
  A hobgoblin (D:1)
  A kobold (D:1)
  A ball python (D:1)
7 creatures vanquished.

Notes
Turn   | Place    | Note
-------+----------+-------------------------------------------
     0 | D:1      | siradein the Ghoul Necromancer began the quest for the Orb.
     0 | D:1      | Reached XP level 1. HP: 14/14 MP: 2/2
   221 | D:1      | Reached XP level 2. HP: 19/20 MP: 0/4
   285 | D:1      | Quit the game

Illustrated notes

Levels and vault maps discovered:
D:1:      onia_arrival_pyramid, layout_basic

Skill      XL: |  1 |
---------------+----+-----
Spellcasting   | 2 |  2.1
Dodging        | |  1.7
Stealth        | |  2.1
Necromancy     | |  4.2

Action                   || total
-------------------------++-------
Melee: Unarmed           ||    14
 Cast: Pain              ||     9
Armor: Robe              ||     3
Dodge: Dodged            ||    11

Table legend: (Time is in decaauts)
 A = Elapsed time spent in this place.
 B = Non-inter-level travel time spent in this place.
 C = Inter-level travel time spent in this place.
 D = Time resting spent in this place.
 E = Time spent auto-exploring this place.
 F = Levels seen in this place.
 G = Mean time per level.
                   A        B        C        D        E       F      G
               +--------+--------+--------+--------+--------+-----+--------+
         Total |    285 |    285 |      0 |      0 |    243 |   1 |  285.0 |
       Dungeon |    285 |    285 |      0 |      0 |    243 |   1 |  285.0 |
               +--------+--------+--------+--------+--------+-----+--------+

Top non-repeatable levels by time:
     D:1: 285 daAuts
